Map: [ESL] Solaris

Players

Cure - Winner!

  • Race: Terran Terran
  • Spawn Location: 1:00

ByuN

  • Race: Terran Terran
  • Spawn Location: 7:00

Event: ESL SC2 Masters 2023 Winter (Finals)

VOD

Have the link to the VOD?

Description

Time

  • Played on: Dec. 16, 2023, 4:54 p.m.
  • Length: 22:29

All games in this series

Show
View Real Time Build Order
Export as new Build Order

Cure Terran - Winner!

Build Orders: Cyclone Opening 

Get SALT Encoding   

  12  0:00  SCV  
  13  0:12  SCV  
  14  0:17  Supply Depot  
  14  0:24  SCV  
  15  0:38  SCV  
  15  0:41  Barracks  
  15  0:42  Refinery  
  16  0:50  SCV  
  16  0:52  Refinery  
  17  1:03  SCV  
  18  1:15  SCV  
  19  1:27  Reaper  
  19  1:28  Orbital Command  
  19  1:30  Supply Depot  
  20  1:42  Factory  
  20  1:53  SCV  
  21  1:59  Reaper  
  22  2:05  SCV  
  23  2:17  Command Center  
  23  2:20  SCV  
  24  2:27  Cyclone  
  26  2:32  SCV, Reaper  
  28  2:40  Supply Depot  
  28  2:44  SCV  
  28  2:50  Starport  
  29  2:56  SCV  
  30  3:02  Factory Tech Lab  
  30  3:04  Barracks Reactor  
  30  3:09  SCV  
  31  3:18  Refinery  
  31  3:21  SCV  
  31  3:25  Siege Tank  
  35  3:28  Orbital Command  
  35  3:30  Starport Tech Lab  
  35  3:33  SCV  
  36  3:40  Supply Depot, Marine x2  
  38  3:45  SCV  
  39  3:52  Raven  
  39  3:54  SCV  
  42  3:57  SCV  
  42  3:58  Marine x2  
  45  4:06  SCV  
  45  4:08  Siege Tank  
  45  4:09  SCV  
  50  4:13  Supply Depot  
  50  4:15  Interference Matrix  
  50  4:16  Marine x2  
  52  4:20  SCV  
  52  4:21  SCV  
  54  4:32  SCV  
  54  4:33  Raven, SCV, Supply Depot  
  54  4:35  Marine x2  
  60  4:44  SCV  
  61  4:45  SCV  
  61  4:48  Siege Tank, Supply Depot  
  65  4:52  Marine  
  65  4:53  Marine  
  65  4:56  SCV  
  65  4:57  SCV  
  69  5:08  Raven  
  69  5:09  SCV  
  69  5:10  SCV  
  69  5:12  Command Center, Marine  
  74  5:14  Marine  
  74  5:18  Supply Depot  
  75  5:23  Siege Tank  
  75  5:24  SCV  
  75  5:25  Refinery  
  75  5:26  SCV  
  80  5:30  Marine  
  81  5:38  Supply Depot  
  73  5:45  SCV x2  
  72  5:56  Siege Tank  
  74  6:00  SCV  
  74  6:01  Barracks, SCV  
  74  6:03  Barracks, Marine  
  77  6:13  SCV x2, Engineering Bay  
  77  6:14  Viking x2, Engineering Bay  
  77  6:15  Stimpack  
  83  6:21  Marine  
  84  6:25  Orbital Command  
  84  6:28  Siege Tank  
  84  6:32  SCV  
  88  6:34  SCV  
  88  6:39  Marine  
  90  6:40  Barracks x2  
  90  6:47  Viking x2  
  90  6:52  SCV x2  
  96  7:04  Barracks Reactor x2, SCV x2  
  96  7:05  Orbital Command, Siege Tank, Marine  
  96  7:07  Terran Infantry Weapons Level 1  
  102  7:10  Missile Turret  
  102  7:11  Supply Depot  
  102  7:12  Supply Depot  
  102  7:16  Missile Turret x2  
  102  7:21  SCV  
  102  7:22  SCV  
  104  7:23  Marine  
  104  7:29  Barracks Reactor  
  106  7:31  SCV  
  106  7:33  Sensor Tower, SCV  
  106  7:34  SCV  
  109  7:40  Missile Turret  
  109  7:41  Barracks Reactor, Missile Turret, Marine x4  
  109  7:42  Marine  
  109  7:43  Siege Tank, SCV  
  117  7:49  Medivac  
  119  7:53  SCV x2  
  119  7:54  Refinery  
  119  7:55  SCV, Refinery  
  119  7:57  Combat Shield  
  122  8:01  Marine x5  
  122  8:05  Medivac  
  126  8:09  Marine x2, Supply Depot  
  126  8:11  Supply Depot  
  127  8:18  Marine x2  
  127  8:19  Marine x2  
  131  8:21  Siege Tank  
  131  8:23  SCV x3  
  131  8:26  Marine x3  
  129  8:27  Marine  
  129  8:33  Marine  
  128  8:36  Marine x2  
  128  8:37  Marine  
  128  8:40  Command Center  
  131  8:41  SCV x3  
  131  8:45  Missile Turret, Marine x3  
  137  8:51  Medivac  
  137  8:52  Medivac  
  141  9:00  Marine x4  
  141  9:01  Marine x2  
  146  9:03  Siege Tank  
  146  9:09  Supply Depot  
  149  9:10  Terran Infantry Armor Level 1  
  149  9:11  Supply Depot  
  149  9:12  Armory  
  149  9:16  Marine  
  149  9:18  Marine x3  
  149  9:31  Marine x5  
  154  9:33  SCV x2  
  154  9:34  Marine  
  154  9:36  Marine x2  
  158  9:40  Starport  
  158  9:41  Starport  
  158  9:42  Missile Turret  
  158  9:45  Missile Turret  
  158  9:50  Missile Turret x2  
  158  9:53  Marine x6  
  158  9:54  Marine x2  
  158  9:55  Siege Tank  
  158  9:58  Viking  
  171  10:01  Factory  
  171  10:03  Terran Infantry Weapons Level 2  
  171  10:04  Barracks Reactor  
  171  10:06  Terran Vehicle Weapons Level 1  
  171  10:11  Marine x5  
  171  10:13  SCV x2  
  178  10:14  SCV  
  169  10:22  Marine x2  
  171  10:29  Command Center  
  171  10:34  Supply Depot x2  
  171  10:37  Supply Depot  
  171  10:55  Marine x2  
  171  10:56  Sensor Tower, Marine x8  
  178  11:10  SCV x3  
  172  11:13  Marine x2  
  163  11:22  SCV x3  
  163  11:24  Siege Tank  
  169  11:26  Siege Tank  
  169  11:27  Starport Tech Lab x2  
  168  11:34  SCV x3  
  168  11:39  Command Center  
  171  11:46  SCV  
  172  11:48  SCV x2  
  172  11:53  Terran Infantry Armor Level 2  
  170  11:58  Siege Tank x2  
  176  12:07  Marine x8  
  184  12:09  Marine  
  181  12:17  Planetary Fortress  
  181  12:19  Terran Vehicle Weapons Level 2  
  181  12:23  Refinery  
  177  12:36  Raven x2, Viking x2  
  163  12:39  Siege Tank  
  163  12:46  Marine x4  
  163  12:49  Marine x4  
  163  12:50  Marine x2  
  170  13:02  SCV  
  170  13:03  Orbital Command  
  170  13:05  Marine x4  
  170  13:07  Marine x4  
  170  13:11  SCV x3  
  177  13:13  Refinery  
  177  13:16  SCV  
  178  13:23  SCV x3  
  181  13:28  SCV  
  181  13:29  Raven x2, Terran Infantry Weapons Level 3  
  186  13:35  SCV  
  186  13:37  Siege Tank x2  
  186  13:38  Viking x2  
  196  14:04  Raven x2  
  200  14:12  Orbital Command  
  200  14:22  Command Center  
  200  14:24  Command Center  
  200  14:26  Command Center  
  200  14:28  Missile Turret  
  200  14:29  Missile Turret  
  200  14:35  Missile Turret  
  195  14:45  Siege Tank  
  185  14:54  SCV  
  185  14:55  SCV  
  185  14:56  Siege Tank  
  190  15:01  SCV x2  
  190  15:02  SCV  
  193  15:13  Marine x4  
  191  15:17  Raven x2  
  191  15:18  Siege Tank  
  191  15:19  Marine x2  
  191  15:22  SCV x3  
  194  15:30  Viking, SCV x2  
  194  15:34  SCV  
  196  15:36  Marine x2  
  196  15:37  Marine x2  
  196  15:41  Marine  
  200  15:44  Marine x4  
  200  15:49  Marine  
  185  15:50  Viking  
  185  15:54  Marine x4  
  172  15:59  Marine  
  172  16:02  Marine x4  
  172  16:04  SCV x4  
  172  16:06  Marine  
  160  16:12  Marine x4  
  160  16:14  Siege Tank x2  
  160  16:17  Marine  
  168  16:20  SCV, Marine x4  
  168  16:21  SCV x2  
  176  16:27  Raven, Starport Reactor  
  176  16:29  Orbital Command, Missile Turret  
  176  16:30  Sensor Tower, Marine x3  
  181  16:37  Raven  
  182  16:40  Missile Turret, Marine  
  182  16:41  Marine  
  182  16:46  Siege Tank  
  187  16:53  Marine  
  187  16:54  Marine  
  182  16:56  Marine x4  
  182  16:57  Marine x2  
  182  16:59  Siege Tank  
  182  17:01  Viking  
  163  17:08  Marine x2  
  153  17:11  Raven, Marine x2  
  154  17:17  SCV  
  154  17:18  Siege Tank, Marine x2, SCV x3  
  154  17:22  Marine x3  
  164  17:30  Marine x4  
  164  17:31  Raven  
  170  17:39  Siege Tank  
  170  17:41  Marine x4  
  172  17:50  Siege Tank  
  175  17:58  Marine x6  
  172  17:59  Marine x4  
  177  18:05  Raven  
  177  18:06  Raven  
  177  18:12  Orbital Command  
  161  18:24  Medivac  
  161  18:25  Marine x6, Medivac  
  161  18:26  Marine x2  
  173  18:39  Siege Tank x2  
  178  18:43  Marine x2  
  178  18:44  Marine x2  
  178  18:47  Viking x2  
  183  19:00  Marine x4  
  182  19:03  Orbital Command  
  182  19:07  Marine x4  
  186  19:12  Siege Tank x2  
  186  19:17  Marine x2  
  192  19:18  Marine x4  
  192  19:27  SCV x3  
  191  19:39  Marine x6  
  191  19:44  Siege Tank  
  186  20:09  Orbital Command  
  183  20:22  Siege Tank x2  
  189  20:31  Missile Turret  
  184  20:42  SCV  
  185  20:43  SCV x3  
  185  20:51  Marine x4  
  185  20:53  Marine x4  
  186  21:03  Raven  
  186  21:04  Raven  
  190  21:09  Orbital Command  
  186  21:11  Viking x2  
  186  21:20  Marine x6  
  189  21:28  SCV x4  
  189  21:32  Marine x4  
  193  21:38  Marine x2  
  190  21:41  Marine x4  
  190  21:46  SCV  
  190  21:47  SCV x2  
  194  21:56  Marine x4  
  194  21:57  Marine x2  
Show
View Real Time Build Order
Export as new Build Order

ByuN Terran 

Build Orders: Cyclone Opening 

Get SALT Encoding   

  12  0:00  SCV  
  13  0:12  SCV  
  14  0:16  Supply Depot  
  14  0:24  SCV  
  15  0:38  SCV  
  15  0:39  Barracks  
  16  0:42  Refinery  
  16  0:50  SCV  
  16  0:52  Refinery  
  17  1:02  SCV  
  18  1:14  SCV  
  19  1:26  Reaper  
  19  1:27  Orbital Command  
  19  1:30  Supply Depot  
  20  1:39  Factory  
  20  1:52  SCV  
  21  1:58  Reaper  
  22  2:04  SCV  
  23  2:16  SCV  
  23  2:19  Command Center  
  24  2:26  Cyclone  
  24  2:28  SCV  
  27  2:31  Reaper  
  28  2:38  Supply Depot  
  28  2:41  SCV  
  29  2:52  Starport  
  29  2:53  SCV  
  30  3:00  Factory Tech Lab  
  30  3:03  Barracks Reactor  
  30  3:06  SCV  
  31  3:17  Refinery  
  31  3:18  SCV  
  32  3:24  Siege Tank  
  35  3:30  Orbital Command, SCV  
  35  3:31  Starport Tech Lab  
  36  3:39  Marine x2  
  38  3:42  SCV  
  39  3:52  Raven  
  39  3:54  SCV  
  42  3:56  SCV  
  42  3:57  Marine x2  
  42  4:00  Supply Depot  
  45  4:06  SCV  
  45  4:07  Siege Tank  
  45  4:08  SCV  
  50  4:17  Supply Depot  
  50  4:18  SCV  
  50  4:19  Marine  
  50  4:20  SCV, Marine  
  54  4:27  Raven  
  54  4:30  SCV  
  57  4:32  SCV  
  58  4:39  Supply Depot  
  58  4:41  Siege Tank  
  58  4:43  SCV  
  58  4:45  SCV  
  63  4:53  Command Center  
  63  4:55  SCV  
  63  4:57  SCV  
  65  5:07  SCV  
  65  5:09  SCV  
  65  5:11  Barracks, Stimpack, Marine  
  65  5:12  Starport Reactor  
  68  5:15  Barracks  
  68  5:17  Siege Tank  
  68  5:20  SCV  
  72  5:21  SCV  
  73  5:30  Supply Depot, Marine  
  73  5:32  SCV  
  73  5:33  SCV  
  76  5:38  Engineering Bay  
  76  5:44  SCV  
  76  5:45  SCV  
  76  5:53  Marine  
  76  5:54  Siege Tank  
  76  5:56  SCV  
  80  5:57  SCV  
  80  5:59  Supply Depot, Engineering Bay  
  80  6:02  Starport Reactor  
  81  6:05  Terran Infantry Weapons Level 1  
  81  6:08  Orbital Command  
  81  6:10  Barracks x2, SCV x2  
  83  6:15  Refinery  
  83  6:17  Marine x2  
  85  6:19  Marine x2  
  85  6:23  SCV x2  
  89  6:26  Terran Infantry Armor Level 1  
  89  6:35  SCV x2  
  89  6:38  Orbital Command, Marine  
  89  6:39  Marine  
  93  6:41  Marine x2  
  93  6:42  Marine  
  93  6:43  Siege Tank  
  99  6:47  SCV  
  99  6:48  SCV  
  99  6:51  Supply Depot  
  101  7:00  SCV x2  
  103  7:02  Marine x4  
  103  7:03  Barracks Reactor  
  103  7:04  Barracks Reactor  
  103  7:05  SCV  
  108  7:12  Armory, SCV  
  108  7:13  SCV  
  110  7:17  SCV  
  111  7:24  SCV  
  111  7:25  Marine, SCV, Supply Depot  
  111  7:26  Marine x3  
  111  7:27  Sensor Tower  
  111  7:28  Combat Shield  
  117  7:34  Siege Tank  
  117  7:36  Medivac, SCV  
  124  7:41  Medivac  
  124  7:42  Supply Depot  
  124  7:43  SCV x2  
  128  7:48  Refinery  
  128  7:49  Supply Depot, Refinery  
  127  7:54  Supply Depot, Marine x7  
  127  7:55  Marine  
  127  7:56  Marine  
  135  8:10  Siege Tank  
  135  8:11  Marine  
  135  8:12  Marine x6  
  145  8:13  Marine  
  145  8:14  Terran Infantry Weapons Level 2  
  145  8:19  Marine  
  147  8:29  Marine  
  147  8:30  Marine x4  
  152  8:40  Marine  
  152  8:41  Marine x3  
  150  8:42  Siege Tank  
  150  8:43  Medivac x2  
  150  8:47  Marine  
  150  8:48  Command Center, Marine x4  
  162  8:51  SCV  
  162  8:54  Supply Depot  
  165  8:55  Terran Infantry Armor Level 2  
  165  8:57  SCV x2  
  165  8:58  Marine x2  
  165  9:01  Marine  
  170  9:04  Marine  
  170  9:05  Marine  
  172  9:13  Marine  
  172  9:16  Siege Tank  
  172  9:17  Marine x3  
  176  9:19  Marine x2  
  176  9:20  Marine  
  176  9:23  Marine  
  181  9:31  Marine  
  181  9:32  Factory  
  181  9:33  SCV x3  
  181  9:41  Barracks Reactor  
  181  9:48  Supply Depot  
  181  9:49  Supply Depot  
  181  9:50  Barracks x3  
  181  9:59  Planetary Fortress, SCV x3, Marine x7  
  191  10:04  Sensor Tower, Marine  
  192  10:14  Siege Tank  
  192  10:17  Command Center  
  192  10:20  Siege Tank, Marine x2  
  190  10:21  Marine  
  190  10:22  Marine  
  190  10:24  Marine x4  
  190  10:26  Marine  
  190  10:27  Marine  
  185  10:36  Terran Infantry Weapons Level 3  
  185  10:38  Marine x2  
  185  10:39  Marine  
  185  10:40  Marine  
  189  10:46  Siege Tank  
  189  10:47  Marine x3  
  184  10:50  Marine x6  
  184  10:53  Siege Tank  
  179  10:57  Marine  
  179  10:58  Marine x3  
  179  11:03  Medivac  
  177  11:04  Marine  
  177  11:05  Marine x2  
  177  11:07  Marine  
  177  11:08  Marine x4  
  177  11:09  Marine  
  175  11:14  Medivac  
  175  11:15  Marine x4  
  162  11:19  SCV  
  162  11:20  SCV x2  
  162  11:22  Marine  
  162  11:23  Marine x2  
  162  11:24  Siege Tank  
  162  11:25  Marine x4  
  170  11:26  Marine  
  170  11:27  Marine  
  170  11:31  SCV  
  170  11:32  SCV  
  178  11:34  Planetary Fortress  
  178  11:35  Marine x4  
  178  11:36  Missile Turret  
  182  11:40  Marine  
  182  11:41  Marine x2  
  182  11:43  Marine x5  
  182  11:45  Marine  
  191  11:48  Medivac x2  
  191  11:53  Marine x4  
  199  11:58  Marine  
  199  12:00  Terran Infantry Armor Level 3  
  200  12:03  Terran Vehicle Weapons Level 1  
  153  12:37  Marine x3  
  153  12:38  Siege Tank  
  153  12:41  Marine x8  
  153  12:42  Marine, Medivac x2  
  153  12:43  Marine  
  173  12:48  Siege Tank  
  174  12:55  Marine x3  
  174  12:56  Command Center  
  174  12:57  Command Center  
  173  12:59  Command Center, Marine x8  
  173  13:00  Marine x2  
  178  13:10  Siege Tank  
  181  13:13  Marine x3  
  181  13:15  Medivac x2  
  181  13:16  Marine  
  181  13:17  Marine x7  
  181  13:18  Starport x2  
  196  13:20  Siege Tank  
  196  13:26  Marine  
  194  13:35  Marine  
  194  13:37  Marine x7  
  194  13:38  Marine  
  198  13:41  Marine  
  199  13:54  Command Center x2  
  196  14:03  Siege Tank, Marine  
  196  14:05  Command Center  
  196  14:06  Missile Turret  
  196  14:07  Missile Turret  
  196  14:08  Siege Tank  
  200  14:24  Starport Reactor x2  
  198  14:42  Marine  
  193  14:46  Marine x8  
  193  14:47  Medivac  
  193  14:52  Marine  
  192  14:55  Marine x3  
  192  14:56  Siege Tank  
  191  15:00  Marine  
  191  15:03  Marine  
  191  15:04  Medivac, Marine x7  
  199  15:10  Marine  
  199  15:11  Siege Tank  
  199  15:12  Marine  
  199  15:13  Marine  
  172  15:17  Marine  
  172  15:18  Medivac, Marine  
  172  15:20  Medivac x2  
  176  15:21  Marine  
  176  15:22  Medivac, Marine x7  
  176  15:23  Planetary Fortress, Medivac  
  176  15:27  Marine  
  189  15:29  Siege Tank  
  189  15:30  Marine  
  189  15:31  Marine  
  189  15:34  Sensor Tower, Medivac  
  188  15:35  Marine  
  188  15:36  Marine  
  188  15:39  Marine x6  
  188  15:42  Marine x2  
  193  15:43  Siege Tank  
  193  15:45  Marine  
  193  15:48  Medivac, Marine x2  
  181  15:53  Marine  
  181  15:55  Marine  
  157  15:57  Marine x3  
  157  16:00  Marine x4  
  157  16:01  Siege Tank, Marine  
  157  16:03  Marine  
  157  16:04  Viking x5  
  160  16:06  Marine x2  
  167  16:12  Marine  
  167  16:13  Marine  
  167  16:15  Siege Tank, Marine x3  
  167  16:18  Viking, Marine x2  
  175  16:19  Marine  
  175  16:20  Marine x2  
  175  16:21  Marine  
  175  16:24  Marine x2  
  179  16:25  Orbital Command  
  179  16:26  Orbital Command  
  179  16:27  Orbital Command  
  179  16:29  Marine  
  179  16:31  Marine  
  181  16:32  Marine  
  181  16:33  Siege Tank, Marine x2  
  181  16:34  Viking  
  181  16:35  Marine  
  181  16:36  Marine  
  181  16:37  Marine  
  189  16:42  Viking x2  
  189  16:45  Marine  
  189  16:46  Marine x4  
  188  16:47  Siege Tank, Marine  
  182  16:55  Marine  
  182  16:58  Marine  
  182  17:01  Marine x5  
  148  17:03  Marine x2  
  148  17:05  Siege Tank, Marine  
  148  17:06  Marine  
  141  17:09  Medivac x2  
  141  17:10  Marine  
  141  17:13  Marine x2  
  142  17:16  Marine  
  142  17:18  Marine  
  142  17:19  Siege Tank, Marine x3  
  142  17:22  Marine  
  146  17:23  Marine x3  
  146  17:26  Marine  
  146  17:27  Marine  
  149  17:30  Marine  
  149  17:31  Marine  
  149  17:34  Marine  
  149  17:36  Marine x2  
  149  17:37  Siege Tank, Marine x2  
  149  17:40  Marine x3  
  149  17:41  Marine  
  149  17:44  Marine  
  154  17:45  Marine  
  154  17:48  Marine  
  154  17:49  Marine  
  158  17:52  Marine  
  158  17:54  Marine x4  
  158  17:58  Marine x3  
  163  17:59  Marine  
  163  18:01  Marine  
  163  18:03  Marine  
  147  18:06  Marine  
  147  18:07  Marine  
  147  18:09  Marine  
  147  18:12  Marine x4  
  152  18:13  Siege Tank  
  152  18:14  Siege Tank  
  152  18:16  Marine x3  
  152  18:17  Marine  
  152  18:19  Marine  
  146  18:21  Medivac, Marine  
  146  18:24  Medivac, Marine x2  
  153  18:27  Marine  
  153  18:30  Marine x4  
  153  18:34  Marine x3  
  159  18:35  Marine  
  159  18:37  Marine  
  159  18:39  Marine  
  164  18:42  Marine x2  
  164  18:44  Medivac x2  
  164  18:45  Siege Tank, Marine  
  164  18:46  Siege Tank  
  164  18:47  Marine  
  164  18:48  Marine x3  
  181  19:02  Marine x4  
  173  19:08  Marine x6  
  174  19:12  Marine  
  174  19:16  Marine x2  
  175  19:18  Siege Tank  
  175  19:19  Marine  
  175  19:21  Marine  
  175  19:22  Marine  
  161  19:29  Marine x3  
  161  19:30  Siege Tank, Marine  
  157  19:37  Marine  
  153  19:39  Marine  
  153  19:40  Marine x3  
  153  19:43  Marine  
  153  19:44  Marine  
  146  19:55  Marine  
  146  19:57  Siege Tank, Marine  
  146  19:59  Marine x2  
  136  20:01  Marine  
  136  20:06  Marine  
  127  20:11  Orbital Command  
  125  20:17  Orbital Command  
  122  20:21  Medivac x2  
  122  20:25  Medivac  
  122  20:28  Marine x3  
  130  20:30  Marine  
  129  20:38  Orbital Command, Medivac  
  129  20:40  Marine x5  
  136  20:45  Marine x2  
  136  20:47  Marine  
  120  20:50  Marine  
  120  20:52  Marine  
  120  20:53  Medivac, Marine  
  120  20:54  Medivac  
  124  21:00  Marine  
  124  21:04  Marine x4  
  123  21:06  Marine x2  
  123  21:11  Marine  
  125  21:13  Marine  
  117  21:18  Marine  
  117  21:19  Marine  
  116  21:29  Marine  
  105  21:35  Marine x2  
  105  21:37  Marine  
  97  21:42  Marine x2  
  97  21:43  Marine x2  
  97  21:44  Marine  
  97  21:46  Marine x4  
  103  21:47  Marine  
  103  21:53  Siege Tank, Marine x2  
  109  21:54  Marine  
  109  22:00  Marine x2  
  109  22:01  Marine  
  103  22:03  Marine x2  
  103  22:06  Marine  
  103  22:08  Marine x2  
Tags
 
Add a new tag
Caveats
  • Supply blocks, unpowered buildings, or Contaminate may cause inaccurate times.
  • Supply counts are checked every 10 seconds.